Match 46609110
Unlisted

Match 46609110
End
Kradschützen Motorcycle Team
Selects Panzerjäger Kommand Battlegroup
Panzergrenadier Squad
Panzerpioneer Squad
250 Light Carrier
Construct Light Support Kompanie
Fire Support Elements
Selects Mine Fields
Selects Tank Busters
MG34 Team
Flakvierling Half-track
Assault Mechanized Group
Construct Mechanized Kompanie
Selects Defensive Positions
StuG III D Assault Gun
Panzerjäger Squad
254 Reconnaissance Tractor
Selects Butterfly Bomb Drop
2.5-tonne Medical Truck
StuG III D Assault Gun
Pak 38 Mechanized Group
Selects Crew Shock Tactics
Vehicle Survival Package
StuG III D Assault Gun
2.5-tonne Medical Truck
Selects Anti-tank Overwatch
StuG III D Assault Gun
Stana
aSIIDemolitionHammer
赵天天001
Willham
0
0

Comments sign in to comment!

No comments posted yet!